BOSTON Bruins vs TORONTO Maple Leafs

Created - 29 mars 2024 at 10:18

Goals
1 2 3 T
BOSTON Bruins 0 2 1 3
TORONTO Maple Leafs 0 0 0 0
Shots
1 2 3 T
BOSTON Bruins 10 12 8 30
TORONTO Maple Leafs 3 4 4 11

1st period

No Goal

Penalties :
Frank Vatrano (BOS) for Cross-checking (Minor) at 1:22, Jaycob Megna (BOS) for Tripping (Minor) at 11:04, Victor Hedman (BOS) for Hooking (Minor) at 15:44

2nd period

1. BOSTON Bruins , Bo Horvat 31 (Victor Hedman 48, Adrian Kempe 41) at 7:17 (PP)
2. BOSTON Bruins , Frank Vatrano 14 (Andrew Peeke 16, Joel Eriksson Ek 38) at 12:42

Penalties :
Corey Perry (TOR) for High sticking (Minor) at 0:47, Tyler Seguin (TOR) for Roughing (Minor) at 6:43, Tyler Seguin (TOR) for Delaying the game (Minor) at 9:45, Tyler Seguin (TOR) for Tripping (Minor) at 13:17, Corey Perry (TOR) for Tripping (Minor) at 17:59

3rd period

3. BOSTON Bruins , Frank Vatrano 15 (Victor Hedman 49, Kirill Kaprizov 29) at 7:04 (PP)

Penalties :
Corey Perry (TOR) for Tripping (Minor) at 5:59, Corey Perry (TOR) for High sticking (Minor) at 13:32

Goalie Stats

Tristan Jarry (BOS), 11 saves from 11 shots - (1,000), W, 34-25-4, 60:00 minutes
Matt Murray (TOR), 27 saves from 30 shots - (0,900), L, 24-31-6, 60:00 minutes

Players Stats for BOSTON Bruins

Player Name              G  A  P  +/- PIM S  H  SB GA TA FO     MP     PP MP  PK MP  
------------------------------------------------------------------------------------
Adam Lowry               0  0  0   0  0   0  0  0  0  0  11/16  10:10   0:00   3:52 
Adrian Kempe             0  1  1   0  0   4  1  0  0  0  0/3    19:00   5:50   0:00 
Andrew Peeke             0  1  1   1  0   0  3  0  0  0  0/0    18:17   0:16   3:15 
Blake Wheeler            0  0  0   0  0   0  0  0  0  0  1/1    11:05   0:00   0:00 
Bo Horvat                1  0  1   0  0   2  0  0  0  0  4/22   19:00   5:50   0:00 
Brad Hunt                0  0  0   0  0   3  0  0  0  0  0/0    13:03   0:00   0:00 
Brad Marchand            0  0  0   0  0   2  2  0  0  0  0/0    22:30   5:50   3:30 
Frank Vatrano            2  0  2   1  2   3  0  0  0  0  0/0    17:23   5:28   0:00 
Jaycob Megna             0  0  0   0  2   1  0  1  0  0  0/0    14:11   0:00   1:09 
Joel Eriksson Ek         0  1  1   1  0   4  1  0  0  0  6/10   19:26   5:28   2:02 
Kirill Kaprizov          0  1  1   1  0   2  1  1  0  0  0/0    17:58   6:02   0:00 
Matt Dumba               0  0  0   1  0   1  2  0  0  0  0/0    22:19   5:16   3:06 
Michael Pezzetta         0  0  0   0  0   0  1  0  0  0  0/0     6:18   0:00   0:00 
Nathan Walker            0  0  0   0  0   2  1  0  0  0  0/0    13:16   0:16   1:55 
Phil Kessel              0  0  0   0  0   2  0  0  0  0  0/0     6:34   0:16   0:00 
Shea Theodore            0  0  0   0  0   1  0  0  0  0  0/0    22:43   5:16   2:47 
Tomas Hertl              0  0  0   0  0   1  2  0  0  0  5/15   17:11   5:44   0:22 
Victor Hedman            0  2  2   0  2   2  1  2  0  0  0/0    23:36   6:18   1:50 

Players Stats for TORONTO Maple Leafs

Player Name              G  A  P  +/- PIM S  H  SB GA TA FO     MP     PP MP  PK MP  
------------------------------------------------------------------------------------
Alex Goligoski           0  0  0  -1  0   0  1  2  0  0  0/0    17:06   0:00   5:33 
Alexander Holtz          0  0  0   0  0   1  0  0  0  0  0/0     7:22   0:00   0:00 
Artem Zub                0  0  0  -1  0   0  0  1  0  0  0/0    13:03   0:00   0:36 
Colin White              0  0  0   0  0   2  0  0  0  0  4/4    16:05   2:00   2:06 
Corey Perry              0  0  0   0  8   1  1  1  0  0  0/2    20:33   2:48   2:39 
Janne Kuokkanen          0  0  0   0  0   0  0  0  0  0  0/1     7:22   0:00   0:00 
John Marino              0  0  0   0  0   1  1  2  0  0  0/0    21:53   2:24   5:41 
Jonah Gadjovich          0  0  0  -1  0   0  1  0  0  0  4/4    14:49   1:09   5:42 
Josh Bailey              0  0  0   0  0   2  0  0  0  0  2/2    20:48   2:48   2:50 
Kevin Stenlund           0  0  0   0  0   0  1  0  0  0  1/5     7:22   0:00   0:00 
Mark Jankowski           0  0  0   0  0   0  0  0  0  0  1/1    17:45   2:00   3:46 
Nick Leddy               0  0  0   0  0   1  3  1  0  0  0/0    21:53   2:24   5:41 
Ryan Carpenter           0  0  0  -1  0   0  1  0  0  0  5/8     9:07   1:09   0:00 
Sam Lafferty             0  0  0   0  0   1  1  0  0  0  7/15   16:26   2:00   2:27 
Shayne Gostisbehere      0  0  0   0  0   0  2  0  0  0  0/0    25:04   3:33   5:17 
Simon Holmstrom          0  0  0  -1  0   1  1  0  0  0  0/1     9:07   1:09   0:00 
Tyler Seguin             0  0  0   0  6   1  2  0  0  0  16/24  21:33   2:48   3:38 
Vince Dunn               0  0  0   0  0   0  1  4  0  0  0/0    21:01   3:33   0:20 

3 Stars

1 - Frank Vatrano (BOS)
2 - Andrew Peeke (BOS)
3 - Tristan Jarry (BOS)

Power Play

BOSTON Bruins - 2 on 7 Attempt(s) - 28,57%
TORONTO Maple Leafs - 0 on 3 Attempt(s) - 0,00%

Penalty Kill

BOSTON Bruins - 3 on 3 Attempt(s) - 100,00% - Score 0 goal in Penalty Kill
TORONTO Maple Leafs - 5 on 7 Attempt(s) - 71,43% - Score 0 goal in Penalty Kill

Team Stat

BOSTON Bruins - Hits : 15 - Faceoff Wins : 27 - Blocked Shots : 4 - Penalty Minutes : 6
TORONTO Maple Leafs - Hits : 16 - Faceoff Wins : 40 - Blocked Shots : 11 - Penalty Minutes : 14

Official

Referees : Samantha Hiller and Justin St. Pierre
Linesman : Greg Devorski and Lisa Linnek

Game Notes

No Game Note

Finance

Level 1 -- Attendance: 6005 (85,79%) -- Ticket Income $570,475
Level 2 -- Attendance: 4481 (74,68%) -- Ticket Income $268,860
Level 3 -- Attendance: 1629 (54,30%) -- Ticket Income $65,160
Level 4 -- Attendance: 4543 (75,72%) -- Ticket Income $90,860
Luxury Box -- Attendance: 716 (71,60%) -- Ticket Income $161,100
Game was played at the Air Canada Centre.
Total Attendance: 17374 (75,54%)
Total Ticket Income: $1,156,455
Other Income: $289,114
Total Income: $1,445,569

BOSTON Bruins

5 vs 5 Forward 
   Center                   Left Wing                Right Wing               Time % Phy DF OF 
 1 Bo Horvat                Brad Marchand            Adrian Kempe             38     1   2  2  
 2 Joel Eriksson Ek         Kirill Kaprizov          Frank Vatrano            34     1   2  2  
 3 Tomas Hertl              Nathan Walker            Blake Wheeler            20     1   2  2  
 4 Adam Lowry               Michael Pezzetta         Phil Kessel              8      1   2  2  

5 vs 5 Defense 
   Defense                  Defense                                           Time % Phy DF OF 
 1 Victor Hedman            Shea Theodore                                     43     1   2  2  
 2 Andrew Peeke             Matt Dumba                                        41     1   3  1  
 3 Jaycob Megna             Brad Hunt                                         16     2   2  1  
 4 Victor Hedman            Shea Theodore                                     0      1   2  2  

PowerPlay Forward 
   Center                   Left Wing                Right Wing               Time % Phy DF OF 
 1 Bo Horvat                Brad Marchand            Adrian Kempe             60     1   2  2  
 2 Tomas Hertl              Joel Eriksson Ek         Frank Vatrano            40     1   2  2  

PowerPlay Defense
   Defense                  Defense                                           Time % Phy DF OF 
 1 Victor Hedman            Kirill Kaprizov                                   60     1   2  2  
 2 Matt Dumba               Shea Theodore                                     40     1   2  2  

Penalty Kill 4 Players Forward 
   Center                   Wing                     Time % Phy DF OF 
 1 Adam Lowry               Brad Marchand            60     1   2  2  
 2 Joel Eriksson Ek         Andrew Peeke             40     1   2  2  

Penalty Kill 4 Players Defense
   Defense                  Defense                  Time % Phy DF OF 
 1 Victor Hedman            Andrew Peeke             60     1   2  2  
 2 Matt Dumba               Shea Theodore            40     1   2  2  

Penalty Kill - 3 Players Forward 
   Forward                                           Time % Phy DF OF 
 1 Adam Lowry                                        60     1   2  2  
 2 Joel Eriksson Ek                                  40     1   2  2  

Penalty Kill - 3 Players Defense
   Defense                  Defense                  Time % Phy DF OF 
 1 Victor Hedman            Andrew Peeke             60     1   2  2  
 2 Matt Dumba               Shea Theodore            40     1   2  2  

4 vs 4 Forward 
   Center                   Wing                     Time % Phy DF OF 
 1 Bo Horvat                Brad Marchand            60     1   2  2  
 2 Joel Eriksson Ek         Adrian Kempe             40     1   2  2  

4 vs 4 Defense
   Defense                  Defense                  Time % Phy DF OF 
 1 Victor Hedman            Shea Theodore            60     1   2  2  
 2 Andrew Peeke             Matt Dumba               40     1   2  2  

Last Minutes Offensive
   Center                   Left Wing                Right Wing               Defense                  Defense                  
   Bo Horvat                Kirill Kaprizov          Andrew Peeke             Victor Hedman            Shea Theodore            

Last Minutes Defensive
   Center                   Left Wing                Right Wing               Defense                  Defense                  
   Bo Horvat                Brad Marchand            Adrian Kempe             Victor Hedman            Andrew Peeke             

Goaltenders
Starting : Tristan Jarry            
Backup : Casey DeSmith            

Extra Forwards
Normal : Kirill Kaprizov, Tomas Hertl, Brad Marchand - PP : Kirill Kaprizov, Tomas Hertl - PK : Adam Lowry
Extra Defensemen
Normal : Victor Hedman, Shea Theodore, Matt Dumba - PP : Victor Hedman - PK : Andrew Peeke, Victor Hedman
Penalty Shots
Bo Horvat, Adrian Kempe, Kirill Kaprizov, Tomas Hertl, Brad Marchand

Scratches
None

TORONTO Maple Leafs

5 vs 5 Forward 
   Center                   Left Wing                Right Wing               Time % Phy DF OF 
 1 Tyler Seguin             Josh Bailey              Corey Perry              40     1   2  2  
 2 Sam Lafferty             Mark Jankowski           Colin White              30     1   2  2  
 3 Ryan Carpenter           Jonah Gadjovich          Simon Holmstrom          20     1   2  2  
 4 Kevin Stenlund           Janne Kuokkanen          Alexander Holtz          10     1   2  2  

5 vs 5 Defense 
   Defense                  Defense                                           Time % Phy DF OF 
 1 Vince Dunn               Shayne Gostisbehere                               40     1   2  2  
 2 Nick Leddy               John Marino                                       30     1   2  2  
 3 Alex Goligoski           Artem Zub                                         20     1   2  2  
 4 Vince Dunn               Shayne Gostisbehere                               10     1   2  2  

PowerPlay Forward 
   Center                   Left Wing                Right Wing               Time % Phy DF OF 
 1 Tyler Seguin             Josh Bailey              Corey Perry              60     1   2  2  
 2 Sam Lafferty             Mark Jankowski           Colin White              40     1   2  2  

PowerPlay Defense
   Defense                  Defense                                           Time % Phy DF OF 
 1 Vince Dunn               Shayne Gostisbehere                               60     1   2  2  
 2 Nick Leddy               John Marino                                       40     1   2  2  

Penalty Kill 4 Players Forward 
   Center                   Wing                     Time % Phy DF OF 
 1 Tyler Seguin             Corey Perry              60     1   2  2  
 2 Josh Bailey              Sam Lafferty             40     1   2  2  

Penalty Kill 4 Players Defense
   Defense                  Defense                  Time % Phy DF OF 
 1 Alex Goligoski           Shayne Gostisbehere      60     1   2  2  
 2 Nick Leddy               John Marino              40     1   2  2  

Penalty Kill - 3 Players Forward 
   Forward                                           Time % Phy DF OF 
 1 Tyler Seguin                                      60     1   2  2  
 2 Corey Perry                                       40     1   2  2  

Penalty Kill - 3 Players Defense
   Defense                  Defense                  Time % Phy DF OF 
 1 Vince Dunn               Shayne Gostisbehere      60     1   2  2  
 2 Nick Leddy               John Marino              40     1   2  2  

4 vs 4 Forward 
   Center                   Wing                     Time % Phy DF OF 
 1 Tyler Seguin             Corey Perry              60     1   2  2  
 2 Josh Bailey              Sam Lafferty             40     1   2  2  

4 vs 4 Defense
   Defense                  Defense                  Time % Phy DF OF 
 1 Artem Zub                Shayne Gostisbehere      60     1   2  2  
 2 Nick Leddy               John Marino              40     1   2  2  

Last Minutes Offensive
   Center                   Left Wing                Right Wing               Defense                  Defense                  
   Tyler Seguin             Josh Bailey              Corey Perry              Vince Dunn               Shayne Gostisbehere      

Last Minutes Defensive
   Center                   Left Wing                Right Wing               Defense                  Defense                  
   Tyler Seguin             Josh Bailey              Corey Perry              Vince Dunn               Shayne Gostisbehere      

Goaltenders
Starting : Matt Murray              
Backup : Alex Nedeljkovic         

Extra Forwards
Normal : Ryan Carpenter, Simon Holmstrom, Jonah Gadjovich - PP : Ryan Carpenter, Simon Holmstrom - PK : Jonah Gadjovich
Extra Defensemen
Normal : Alex Goligoski, Artem Zub, Vince Dunn - PP : Alex Goligoski - PK : Artem Zub, Vince Dunn
Penalty Shots
Tyler Seguin, Corey Perry, Josh Bailey, Sam Lafferty, Colin White

Scratches
Mark Friedman (Healthy), Dennis Gilbert (Healthy)

% Time on Ice - BOSTON Bruins

Lines # - Real PCT - Wanted PCT - Time Play
Normal Forward
1 - 31% - 38% - 13:10
2 - 28% - 34% - 11:56
3 - 26% - 20% - 11:05
4 - 15% - 8% - 6:18
Normal Defense
1 - 36% - 43% - 15:29
2 - 33% - 41% - 13:57
3 - 31% - 16% - 13:03
4 - 0% - 0% - 0:00
PP Forward
1 - 50% - 60% - 5:50
2 - 50% - 40% - 5:44
PP Defense
1 - 54% - 60% - 6:18
2 - 46% - 40% - 5:16
PK Forward
1 - 66% - 60% - 3:55
2 - 34% - 40% - 2:02
PK Defense
1 - 70% - 60% - 4:11
2 - 30% - 40% - 1:46
PK3 Forward
1 - 0% - 60%
2 - 0% - 40%
PK3 Defense
1 - 0% - 60%
2 - 0% - 40%
44 Forward
1 - 0% - 60%
2 - 0% - 40%
44 Defense
1 - 0% - 60%
2 - 0% - 40%
Last Minute Offensive  - 0:00
Last Minute Defensive  - 0:00
Total
Forward - 60:00
Defense - 60:00

% Time on Ice - TORONTO Maple Leafs

Lines # - Real PCT - Wanted PCT - Time Play
Normal Forward
1 - 36% - 40% - 15:10
2 - 28% - 30% - 11:59
3 - 19% - 20% - 7:58
4 - 17% - 10% - 7:22
Normal Defense
1 - 40% - 40% - 17:08
2 - 32% - 30% - 13:48
3 - 27% - 20% - 11:33
4 - 0% - 10% - 0:00
PP Forward
1 - 47% - 60% - 2:48
2 - 53% - 40% - 3:09
PP Defense
1 - 60% - 60% - 3:33
2 - 40% - 40% - 2:24
PK Forward
1 - 79% - 60% - 9:07
2 - 21% - 40% - 2:27
PK Defense
1 - 51% - 60% - 5:53
2 - 49% - 40% - 5:41
PK3 Forward
1 - 0% - 60%
2 - 0% - 40%
PK3 Defense
1 - 0% - 60%
2 - 0% - 40%
44 Forward
1 - 0% - 60%
2 - 0% - 40%
44 Defense
1 - 0% - 60%
2 - 0% - 40%
Last Minute Offensive  - 0:00
Last Minute Defensive  - 0:00
Total
Forward - 60:00
Defense - 60:00

Play-by-Play

1st period


0:01 of 1st period - Tyler Seguin wins face-off versus Bo Horvat in neutral zone.
0:31 of 1st period - Tyler Seguin is hit by Adrian Kempe and loses puck.
0:51 of 1st period - Icing by Shea Theodore.
0:52 of 1st period - Mark Jankowski wins face-off versus Bo Horvat in BOSTON Bruins zone.
1:22 of 1st period - Minor Penalty to Frank Vatrano for Cross-checking.
1:23 of 1st period - Adam Lowry wins face-off versus Tyler Seguin in BOSTON Bruins zone.
1:35 of 1st period - Off-side.
1:36 of 1st period - Joel Eriksson Ek wins face-off versus Sam Lafferty in neutral zone.
2:03 of 1st period - Off-side.
2:04 of 1st period - Adam Lowry wins face-off versus Corey Perry in neutral zone.
2:04 of 1st period - Adam Lowry is hit by Tyler Seguin.
3:17 of 1st period - John Marino is hit by Matt Dumba and loses puck.
3:52 of 1st period - Joel Eriksson Ek is hit by Alex Goligoski and loses puck.
4:13 of 1st period - Shot by Tomas Hertl.
4:13 of 1st period - Shot Misses the Net.
4:15 of 1st period - Shot by Matt Dumba.
4:15 of 1st period - Shot Misses the Net.
4:19 of 1st period - Shot by Nathan Walker.
4:19 of 1st period - Stopped by Matt Murray with a rebound.
4:21 of 1st period - Shot by Matt Dumba.
4:21 of 1st period - Shot Blocked by Alex Goligoski.
4:36 of 1st period - Shot by Tomas Hertl.
4:36 of 1st period - Shot Misses the Net.
4:38 of 1st period - Shot by Tomas Hertl.
4:38 of 1st period - Deflect By Nathan Walker.
4:38 of 1st period - Stopped by Matt Murray without a rebound.
4:39 of 1st period - Adam Lowry wins face-off versus Sam Lafferty in TORONTO Maple Leafs zone.
5:08 of 1st period - Michael Pezzetta is hit by Nick Leddy.
5:46 of 1st period - Shot by Brad Marchand.
5:46 of 1st period - Shot Blocked by John Marino.
5:48 of 1st period - Shot by Jaycob Megna.
5:48 of 1st period - Stopped by Matt Murray without a rebound.
5:49 of 1st period - Tyler Seguin wins face-off versus Joel Eriksson Ek in TORONTO Maple Leafs zone.
6:16 of 1st period - Shot by Joel Eriksson Ek.
6:16 of 1st period - Shot Misses the Net.
6:19 of 1st period - Icing by Vince Dunn.
6:20 of 1st period - Tyler Seguin wins face-off versus Tomas Hertl in TORONTO Maple Leafs zone.
6:20 of 1st period - Tyler Seguin is hit by Nathan Walker.
6:56 of 1st period - Shot by Brad Hunt.
6:56 of 1st period - Stopped by Matt Murray without a rebound.
6:57 of 1st period - Ryan Carpenter wins face-off versus Joel Eriksson Ek in TORONTO Maple Leafs zone.
6:57 of 1st period - Ryan Carpenter is hit by Joel Eriksson Ek.
7:02 of 1st period - Alex Goligoski is hit by Andrew Peeke and loses puck.
7:17 of 1st period - Shot by Joel Eriksson Ek.
7:17 of 1st period - Shot Misses the Net.
7:19 of 1st period - Shot by Joel Eriksson Ek.
7:19 of 1st period - Stopped by Matt Murray with a rebound.
7:37 of 1st period - Shot by Joel Eriksson Ek.
7:37 of 1st period - Shot Blocked by Artem Zub.
7:39 of 1st period - Shot by Matt Dumba.
7:39 of 1st period - Stopped by Matt Murray without a rebound.
7:40 of 1st period - Kevin Stenlund wins face-off versus Bo Horvat in TORONTO Maple Leafs zone.
7:49 of 1st period - Icing by Shea Theodore.
7:50 of 1st period - Bo Horvat wins face-off versus Tyler Seguin in BOSTON Bruins zone.
8:21 of 1st period - Shot by Bo Horvat.
8:21 of 1st period - Shot Misses the Net.
9:11 of 1st period - Shot by Joel Eriksson Ek.
9:11 of 1st period - Shot Misses the Net.
9:23 of 1st period - Andrew Peeke is hit by Corey Perry and loses puck.
9:57 of 1st period - Icing by Sam Lafferty.
9:58 of 1st period - Adam Lowry wins face-off versus Sam Lafferty in TORONTO Maple Leafs zone.
11:04 of 1st period - Minor Penalty to Jaycob Megna for Tripping.
11:05 of 1st period - Ryan Carpenter wins face-off versus Adam Lowry in BOSTON Bruins zone.
11:24 of 1st period - Shot by Simon Holmstrom.
11:24 of 1st period - Shot Blocked by Victor Hedman.
11:34 of 1st period - Matt Dumba is hit by Ryan Carpenter.
11:46 of 1st period - Matt Dumba is hit by Jonah Gadjovich and loses puck.
11:54 of 1st period - Icing by Vince Dunn.
11:55 of 1st period - Ryan Carpenter wins face-off versus Adam Lowry in TORONTO Maple Leafs zone.
12:37 of 1st period - Shot by Mark Jankowski.
12:37 of 1st period - Shot Misses the Net.
12:39 of 1st period - Shot by Nick Leddy.
12:39 of 1st period - Stopped by Tristan Jarry without a rebound.
12:40 of 1st period - Tyler Seguin wins face-off versus Adam Lowry in BOSTON Bruins zone.
12:51 of 1st period - Shot by John Marino.
12:51 of 1st period - Shot Misses the Net.
13:29 of 1st period - Shot by Kevin Stenlund.
13:29 of 1st period - Shot Misses the Net.
14:20 of 1st period - Blake Wheeler is hit by Kevin Stenlund and loses puck.
15:05 of 1st period - Shot by Josh Bailey.
15:05 of 1st period - Deflect By Corey Perry.
15:05 of 1st period - Shot Misses the Net.
15:14 of 1st period - Off-side.
15:15 of 1st period - Sam Lafferty wins face-off versus Bo Horvat in neutral zone.
15:15 of 1st period - Sam Lafferty is hit by Brad Marchand.
15:44 of 1st period - Minor Penalty to Victor Hedman for Hooking.
15:45 of 1st period - Adam Lowry wins face-off versus Tyler Seguin in BOSTON Bruins zone.
15:58 of 1st period - Shot by Josh Bailey.
15:58 of 1st period - Shot Blocked by Jaycob Megna.
16:00 of 1st period - Shot by Josh Bailey.
16:00 of 1st period - Stopped by Tristan Jarry without a rebound.
16:01 of 1st period - Colin White wins face-off versus Adam Lowry in BOSTON Bruins zone.
16:23 of 1st period - Icing by Nick Leddy.
16:24 of 1st period - Adam Lowry wins face-off versus Sam Lafferty in TORONTO Maple Leafs zone.
17:41 of 1st period - Icing by Vince Dunn.
17:42 of 1st period - Joel Eriksson Ek wins face-off versus Tyler Seguin in TORONTO Maple Leafs zone.
17:55 of 1st period - Shot by Victor Hedman.
17:55 of 1st period - Stopped by Matt Murray without a rebound.
17:56 of 1st period - Sam Lafferty wins face-off versus Tomas Hertl in TORONTO Maple Leafs zone.
18:00 of 1st period - Off-side.
18:01 of 1st period - Joel Eriksson Ek wins face-off versus Sam Lafferty in neutral zone.
18:03 of 1st period - Kirill Kaprizov is hit by John Marino and loses puck.
18:20 of 1st period - Shot by Colin White.
18:20 of 1st period - Stopped by Tristan Jarry without a rebound.
18:21 of 1st period - Tomas Hertl wins face-off versus Tyler Seguin in BOSTON Bruins zone.
19:16 of 1st period - Icing by John Marino.
19:17 of 1st period - Bo Horvat wins face-off versus Sam Lafferty in TORONTO Maple Leafs zone.
19:22 of 1st period - Shot by Bo Horvat.
19:22 of 1st period - Shot Blocked by John Marino.
19:24 of 1st period - Shot by Andrew Peeke.
19:24 of 1st period - Shot Blocked by Nick Leddy.
19:42 of 1st period - Shot by Bo Horvat.
19:42 of 1st period - Deflect By Adrian Kempe.
19:42 of 1st period - Stopped by Matt Murray without a rebound.
19:43 of 1st period - Ryan Carpenter wins face-off versus Joel Eriksson Ek in TORONTO Maple Leafs zone.
19:54 of 1st period - Shot by Kirill Kaprizov.
19:54 of 1st period - Deflect By Joel Eriksson Ek.
19:54 of 1st period - Stopped by Matt Murray with a rebound.
19:56 of 1st period - Shot by Kirill Kaprizov.
19:56 of 1st period - Stopped by Matt Murray with a rebound.
Goals for this period are 0 for BOSTON Bruins vs 0 for TORONTO Maple Leafs.
Shots for this period are 10 for BOSTON Bruins vs 3 for TORONTO Maple Leafs.

2nd period


0:01 of 2nd period - Tyler Seguin wins face-off versus Adrian Kempe in neutral zone.
0:13 of 2nd period - Bo Horvat is hit by Vince Dunn and loses puck.
0:47 of 2nd period - Minor Penalty to Corey Perry for High sticking.
0:48 of 2nd period - Tyler Seguin wins face-off versus Tomas Hertl in TORONTO Maple Leafs zone.
2:07 of 2nd period - Shot by Shea Theodore.
2:07 of 2nd period - Stopped by Matt Murray with a rebound.
2:09 of 2nd period - Shot by Adrian Kempe.
2:09 of 2nd period - Stopped by Matt Murray with a rebound.
2:25 of 2nd period - Shot by Kirill Kaprizov.
2:25 of 2nd period - Shot Misses the Net.
3:06 of 2nd period - Shot by Phil Kessel.
3:06 of 2nd period - Stopped by Matt Murray with a rebound.
3:08 of 2nd period - Shot by Adam Lowry.
3:08 of 2nd period - Deflect By Phil Kessel.
3:08 of 2nd period - Shot Misses the Net.
3:28 of 2nd period - Shot by Jaycob Megna.
3:28 of 2nd period - Shot Blocked by Vince Dunn.
3:43 of 2nd period - Icing by Andrew Peeke.
3:44 of 2nd period - Sam Lafferty wins face-off versus Bo Horvat in BOSTON Bruins zone.
3:54 of 2nd period - Sam Lafferty is hit by Matt Dumba and loses puck.
3:57 of 2nd period - Shot by Mark Jankowski.
3:57 of 2nd period - Deflect By Sam Lafferty.
3:57 of 2nd period - Shot Misses the Net.
3:59 of 2nd period - Shot by John Marino.
3:59 of 2nd period - Shot Misses the Net.
4:02 of 2nd period - Mark Jankowski is hit by Andrew Peeke and loses puck.
5:56 of 2nd period - Shot by Corey Perry.
5:56 of 2nd period - Stopped by Tristan Jarry without a rebound.
5:57 of 2nd period - Adam Lowry wins face-off versus Sam Lafferty in BOSTON Bruins zone.
5:57 of 2nd period - Adam Lowry is hit by Sam Lafferty.
6:02 of 2nd period - Icing by Andrew Peeke.
6:03 of 2nd period - Tyler Seguin wins face-off versus Adam Lowry in BOSTON Bruins zone.
6:15 of 2nd period - John Marino is hit by Michael Pezzetta and loses puck.
6:35 of 2nd period - Andrew Peeke is hit by Tyler Seguin and loses puck.
6:43 of 2nd period - Minor Penalty to Tyler Seguin for Roughing.
6:44 of 2nd period - Jonah Gadjovich wins face-off versus Bo Horvat in TORONTO Maple Leafs zone.
7:17 of 2nd period - Shot by Bo Horvat.
7:17 of 2nd period - Goal by Bo Horvat - BOSTON Bruins : 1 - TORONTO Maple Leafs : 0.
7:18 of 2nd period - Sam Lafferty wins face-off versus Tomas Hertl in neutral zone.
7:29 of 2nd period - Off-side.
7:30 of 2nd period - Adam Lowry wins face-off versus Kevin Stenlund in neutral zone.
7:48 of 2nd period - Artem Zub is hit by Victor Hedman and loses puck.
8:39 of 2nd period - Shot by Sam Lafferty.
8:39 of 2nd period - Stopped by Tristan Jarry without a rebound.
8:40 of 2nd period - Joel Eriksson Ek wins face-off versus Tyler Seguin in BOSTON Bruins zone.
9:18 of 2nd period - Icing by Tyler Seguin.
9:19 of 2nd period - Bo Horvat wins face-off versus Tyler Seguin in TORONTO Maple Leafs zone.
9:23 of 2nd period - Icing by Corey Perry.
9:24 of 2nd period - Tyler Seguin wins face-off versus Bo Horvat in TORONTO Maple Leafs zone.
9:45 of 2nd period - Minor Penalty to Tyler Seguin for Delaying the game.
9:46 of 2nd period - Tomas Hertl wins face-off versus Corey Perry in TORONTO Maple Leafs zone.
9:47 of 2nd period - Shot by Kirill Kaprizov.
9:47 of 2nd period - Shot Misses the Net.
10:21 of 2nd period - Shot by Colin White.
10:21 of 2nd period - Shot Blocked by Kirill Kaprizov.
10:29 of 2nd period - Shot by Colin White.
10:29 of 2nd period - Shot Misses the Net.
10:31 of 2nd period - Shot by John Marino.
10:31 of 2nd period - Stopped by Tristan Jarry without a rebound.
10:32 of 2nd period - Jonah Gadjovich wins face-off versus Bo Horvat in BOSTON Bruins zone.
10:40 of 2nd period - Off-side.
10:41 of 2nd period - Jonah Gadjovich wins face-off versus Bo Horvat in neutral zone.
11:20 of 2nd period - Shot by Bo Horvat.
11:20 of 2nd period - Stopped by Matt Murray without a rebound.
11:21 of 2nd period - Josh Bailey wins face-off versus Tomas Hertl in TORONTO Maple Leafs zone.
11:44 of 2nd period - Shot by Joel Eriksson Ek.
11:44 of 2nd period - Deflect By Tomas Hertl.
11:44 of 2nd period - Stopped by Matt Murray without a rebound.
11:45 of 2nd period - Adam Lowry wins face-off versus Kevin Stenlund in TORONTO Maple Leafs zone.
11:56 of 2nd period - Shot by Shayne Gostisbehere.
11:56 of 2nd period - Shot Misses the Net.
12:10 of 2nd period - Shot by Adam Lowry.
12:10 of 2nd period - Deflect By Phil Kessel.
12:10 of 2nd period - Shot Misses the Net.
12:12 of 2nd period - Shot by Brad Hunt.
12:12 of 2nd period - Stopped by Matt Murray with a rebound.
12:14 of 2nd period - Shot by Michael Pezzetta.
12:14 of 2nd period - Shot Misses the Net.
12:16 of 2nd period - Shot by Adam Lowry.
12:16 of 2nd period - Shot Misses the Net.
12:18 of 2nd period - Shot by Adam Lowry.
12:18 of 2nd period - Deflect By Phil Kessel.
12:18 of 2nd period - Stopped by Matt Murray with a rebound.
12:20 of 2nd period - Shot by Brad Hunt.
12:20 of 2nd period - Stopped by Matt Murray without a rebound.
12:21 of 2nd period - Colin White wins face-off versus Bo Horvat in TORONTO Maple Leafs zone.
12:36 of 2nd period - Shot by Brad Marchand.
12:36 of 2nd period - Stopped by Matt Murray without a rebound.
12:37 of 2nd period - Joel Eriksson Ek wins face-off versus Ryan Carpenter in TORONTO Maple Leafs zone.
12:42 of 2nd period - Shot by Frank Vatrano.
12:42 of 2nd period - Goal by Frank Vatrano - BOSTON Bruins : 2 - TORONTO Maple Leafs : 0.
12:43 of 2nd period - Tyler Seguin wins face-off versus Bo Horvat in neutral zone.
13:17 of 2nd period - Minor Penalty to Tyler Seguin for Tripping.
13:18 of 2nd period - Jonah Gadjovich wins face-off versus Tomas Hertl in TORONTO Maple Leafs zone.
13:35 of 2nd period - Shot by Joel Eriksson Ek.
13:35 of 2nd period - Shot Misses the Net.
13:37 of 2nd period - Shot by Victor Hedman.
13:37 of 2nd period - Shot Blocked by Corey Perry.
13:44 of 2nd period - Frank Vatrano is hit by Shayne Gostisbehere and loses puck.
13:57 of 2nd period - Shot by Josh Bailey.
13:57 of 2nd period - Stopped by Tristan Jarry without a rebound.
13:58 of 2nd period - Colin White wins face-off versus Bo Horvat in BOSTON Bruins zone.
14:21 of 2nd period - Shot by Adrian Kempe.
14:21 of 2nd period - Stopped by Matt Murray with a rebound.
16:20 of 2nd period - Kirill Kaprizov is hit by Shayne Gostisbehere and loses puck.
17:39 of 2nd period - Shot by Tyler Seguin.
17:39 of 2nd period - Shot Misses the Net.
17:59 of 2nd period - Minor Penalty to Corey Perry for Tripping.
18:00 of 2nd period - Tyler Seguin wins face-off versus Bo Horvat in TORONTO Maple Leafs zone.
19:04 of 2nd period - Shot by Kirill Kaprizov.
19:04 of 2nd period - Shot Misses the Net.
19:25 of 2nd period - Shot by Josh Bailey.
19:25 of 2nd period - Shot Blocked by Victor Hedman.
19:32 of 2nd period - Jonah Gadjovich is hit by Kirill Kaprizov and loses puck.
Goals for this period are 2 for BOSTON Bruins vs 0 for TORONTO Maple Leafs.
Shots for this period are 12 for BOSTON Bruins vs 4 for TORONTO Maple Leafs.

3rd period


0:01 of 3rd period - Tyler Seguin wins face-off versus Bo Horvat in neutral zone.
0:22 of 3rd period - Shot by Adrian Kempe.
0:22 of 3rd period - Shot Misses the Net.
0:24 of 3rd period - Shot by Bo Horvat.
0:24 of 3rd period - Shot Misses the Net.
0:26 of 3rd period - Shot by Brad Marchand.
0:26 of 3rd period - Shot Misses the Net.
1:17 of 3rd period - Icing by Victor Hedman.
1:18 of 3rd period - Joel Eriksson Ek wins face-off versus Ryan Carpenter in BOSTON Bruins zone.
1:26 of 3rd period - Off-side.
1:27 of 3rd period - Tomas Hertl wins face-off versus Simon Holmstrom in neutral zone.
1:30 of 3rd period - Simon Holmstrom is hit by Tomas Hertl and loses puck.
2:26 of 3rd period - Shot by Frank Vatrano.
2:26 of 3rd period - Shot Hit the Post.
3:39 of 3rd period - Icing by Andrew Peeke.
3:40 of 3rd period - Sam Lafferty wins face-off versus Adrian Kempe in BOSTON Bruins zone.
4:43 of 3rd period - Shot by Alexander Holtz.
4:43 of 3rd period - Stopped by Tristan Jarry without a rebound.
4:44 of 3rd period - Blake Wheeler wins face-off versus Ryan Carpenter in BOSTON Bruins zone.
5:10 of 3rd period - Icing by Vince Dunn.
5:11 of 3rd period - Ryan Carpenter wins face-off versus Joel Eriksson Ek in TORONTO Maple Leafs zone.
5:59 of 3rd period - Minor Penalty to Corey Perry for Tripping.
6:00 of 3rd period - Tyler Seguin wins face-off versus Bo Horvat in TORONTO Maple Leafs zone.
6:27 of 3rd period - Shot by Adrian Kempe.
6:27 of 3rd period - Shot Hit the Post.
6:29 of 3rd period - Shot by Matt Dumba.
6:29 of 3rd period - Shot Misses the Net.
7:00 of 3rd period - Shot by Frank Vatrano.
7:00 of 3rd period - Stopped by Matt Murray with a rebound.
7:02 of 3rd period - Shot by Victor Hedman.
7:02 of 3rd period - Shot Misses the Net.
7:04 of 3rd period - Shot by Frank Vatrano.
7:04 of 3rd period - Goal by Frank Vatrano - BOSTON Bruins : 3 - TORONTO Maple Leafs : 0.
7:05 of 3rd period - Adam Lowry wins face-off versus Kevin Stenlund in neutral zone.
7:13 of 3rd period - Icing by Artem Zub.
7:14 of 3rd period - Tomas Hertl wins face-off versus Janne Kuokkanen in TORONTO Maple Leafs zone.
8:16 of 3rd period - Shot by Tyler Seguin.
8:16 of 3rd period - Stopped by Tristan Jarry without a rebound.
8:17 of 3rd period - Sam Lafferty wins face-off versus Bo Horvat in BOSTON Bruins zone.
8:20 of 3rd period - Shot by Colin White.
8:20 of 3rd period - Stopped by Tristan Jarry without a rebound.
8:21 of 3rd period - Tyler Seguin wins face-off versus Bo Horvat in BOSTON Bruins zone.
8:21 of 3rd period - Shayne Gostisbehere is hit by Andrew Peeke.
9:29 of 3rd period - Shot by Kirill Kaprizov.
9:29 of 3rd period - Shot Misses the Net.
9:31 of 3rd period - Shot by Joel Eriksson Ek.
9:31 of 3rd period - Shot Misses the Net.
9:33 of 3rd period - Shot by Joel Eriksson Ek.
9:33 of 3rd period - Shot Blocked by Vince Dunn.
9:35 of 3rd period - Shot by Frank Vatrano.
9:35 of 3rd period - Shot Blocked by Vince Dunn.
9:37 of 3rd period - Shot by Joel Eriksson Ek.
9:37 of 3rd period - Shot Blocked by Vince Dunn.
9:51 of 3rd period - Shot by Joel Eriksson Ek.
9:51 of 3rd period - Stopped by Matt Murray without a rebound.
9:52 of 3rd period - Sam Lafferty wins face-off versus Tomas Hertl in TORONTO Maple Leafs zone.
10:11 of 3rd period - Shot by Sam Lafferty.
10:11 of 3rd period - Shot Misses the Net.
11:09 of 3rd period - Shot by Alex Goligoski.
11:09 of 3rd period - Shot Misses the Net.
11:20 of 3rd period - Shot by Alex Goligoski.
11:20 of 3rd period - Deflect By Ryan Carpenter.
11:20 of 3rd period - Shot Misses the Net.
11:22 of 3rd period - Shot by Ryan Carpenter.
11:22 of 3rd period - Deflect By Simon Holmstrom.
11:22 of 3rd period - Stopped by Tristan Jarry without a rebound.
11:23 of 3rd period - Bo Horvat wins face-off versus Kevin Stenlund in BOSTON Bruins zone.
13:02 of 3rd period - Shot by Tyler Seguin.
13:02 of 3rd period - Shot Misses the Net.
13:20 of 3rd period - Shot by Joel Eriksson Ek.
13:20 of 3rd period - Stopped by Matt Murray with a rebound.
13:32 of 3rd period - Minor Penalty to Corey Perry for High sticking.
13:33 of 3rd period - Tyler Seguin wins face-off versus Tomas Hertl in TORONTO Maple Leafs zone.
13:33 of 3rd period - Tyler Seguin is hit by Tomas Hertl.
13:56 of 3rd period - Shot by Kirill Kaprizov.
13:56 of 3rd period - Shot Misses the Net.
14:03 of 3rd period - Icing by Joel Eriksson Ek.
14:04 of 3rd period - Tomas Hertl wins face-off versus Tyler Seguin in BOSTON Bruins zone.
14:36 of 3rd period - Shot by Brad Marchand.
14:36 of 3rd period - Shot Blocked by Alex Goligoski.
15:06 of 3rd period - Shot by Victor Hedman.
15:06 of 3rd period - Stopped by Matt Murray without a rebound.
15:07 of 3rd period - Colin White wins face-off versus Tomas Hertl in TORONTO Maple Leafs zone.
15:18 of 3rd period - Shot by Kirill Kaprizov.
15:18 of 3rd period - Stopped by Matt Murray without a rebound.
15:19 of 3rd period - Josh Bailey wins face-off versus Adrian Kempe in TORONTO Maple Leafs zone.
15:33 of 3rd period - Shot by Brad Marchand.
15:33 of 3rd period - Stopped by Matt Murray without a rebound.
15:34 of 3rd period - Adam Lowry wins face-off versus Sam Lafferty in TORONTO Maple Leafs zone.
16:41 of 3rd period - Joel Eriksson Ek is hit by Nick Leddy and loses puck.
16:51 of 3rd period - Kirill Kaprizov is hit by Nick Leddy and loses puck.
17:17 of 3rd period - Victor Hedman is hit by Simon Holmstrom and loses puck.
17:51 of 3rd period - Icing by Alex Goligoski.
17:52 of 3rd period - Tyler Seguin wins face-off versus Bo Horvat in TORONTO Maple Leafs zone.
18:07 of 3rd period - Shot by Tyler Seguin.
18:07 of 3rd period - Shot Misses the Net.
18:09 of 3rd period - Shot by Corey Perry.
18:09 of 3rd period - Shot Misses the Net.
18:11 of 3rd period - Shot by Artem Zub.
18:11 of 3rd period - Shot Misses the Net.
18:17 of 3rd period - Shot by Adrian Kempe.
18:17 of 3rd period - Stopped by Matt Murray with a rebound.
18:28 of 3rd period - Icing by Artem Zub.
18:29 of 3rd period - Tyler Seguin wins face-off versus Tomas Hertl in TORONTO Maple Leafs zone.
19:34 of 3rd period - Shayne Gostisbehere is hit by Brad Marchand and loses puck.
Goals for this period are 1 for BOSTON Bruins vs 0 for TORONTO Maple Leafs.
Shots for this period are 8 for BOSTON Bruins vs 4 for TORONTO Maple Leafs. Output by the SimonT Hockey Simulator (STHS) for Martin Benoit - Original Page W3C HTML5 Valid
Hockey Simulator - Hockey Simulation - Hockey Manager